 Dungeon Crawl Stone Soup version 0.31.0-32-g396128a36d (webtiles) character file.

Game seed: 498851808820925251

66 AdnanSaban the Shield-Bearer (level 4, 0/28 HPs)
             Began as a Gargoyle Fighter on Apr 15, 2024.
             Slain by Grinder (3 damage)
             ... on level 3 of the Dungeon.
             The game lasted 00:01:09 (1418 turns).

AdnanSaban the Shield-Bearer (Gargoyle Fighter)     Turns: 1418, Time: 00:01:10

Health: 0/28       AC: 16    Str: 21    XL:     4   Next: 15%
Magic:  4/4        EV:  5    Int:  9    God:
Gold:   101        SH:  4    Dex:  9    Spells: 3/3 levels left

rFire   . . .        a - +0 flail
rCold   . . .        c - +0 buckler
rNeg    + . .        i - +0 plate armour
rPois   ∞            p - +0 helmet
rElec   +            (no cloak)
rCorr   .            (no gloves)
SInv    .            (no boots)
Will    .....        (no amulet) Stlth
                     (no ring)
HPRegen 0.24/turn    (no ring)
MPRegen 0.09/turn

%: no passive effects
@: no status effects
A: sickness immunity, AC +3, negative energy resistance 1, electricity
resistance, torment resistance 1, petrification resistance
a: no special abilities


You were on level 3 of the Dungeon.
You visited 1 branch of the dungeon, and saw 3 of its levels.

You collected 101 gold pieces.

Inventory:

Hand Weapons
 a - a +0 flail (weapon)
Missiles
 m - a throwing net (quivered)
Armour
 c - a +0 buckler (worn)
 i - a +0 plate armour (worn)
 p - a +0 helmet (worn)
Jewellery
 j - a +6 ring of strength
Scrolls
 b - 3 scrolls of teleportation {unknown}
 f - 3 scrolls of identify {unknown}
 g - a scroll of fear {unknown}
 n - a scroll of torment {unknown}
 o - a scroll of enchant weapon {unknown}
Potions
 d - a potion of might
 e - 3 potions of curing {unknown}
 h - a potion of berserk rage {unknown}
 k - 2 potions of lignification {unknown}
 l - a potion of degeneration {unknown}


   Skills:
 + Level 3.6 Fighting
 + Level 3.0 Maces & Flails
 + Level 3.8 Armour
 + Level 4.0 Shields


You had 3 spell levels left.
You didn't know any spells.
Your spell library contained the following spells:

 Spells                   Type           Power      Damage    Failure   Level
 Haunt                    Necr/Summ      0%         N/A       100%        7
 Borgnjor's Revivificati  Necr           0%         N/A       100%        8
 Death's Door             Necr           0%         N/A       100%        9


Dungeon Overview and Level Annotations

Branches:
Dungeon (3/15)

Altars:

Annotations:
D:3 Grinder


Innate Abilities, Weirdness & Mutations

You are immune to sickness and miasma.
Your stone body is resilient. (AC +3)
You are immune to poison.
You resist negative energy. (rN+)
You are resistant to electric shocks. (rElec)
You are resistant to unholy torment.
You are immune to petrification.


Message History

You see here a +0 dagger.
Key pressed, stopping explore.
Done exploring.
Done exploring.
Done exploring.
No target in view!
Done exploring.
Done exploring.
There is a stone staircase leading down here.
You climb downwards.
The kobold shouts!
The gnoll shouts!
There is a stone staircase leading up here.
A gnoll comes into view. It is wielding a +0 club.
Grinder zaps a wand.
The puff of flame hits you.
A gnoll comes into view.
It is wielding a +0 whip and quivering a throwing net.
Grinder barely misses you.
You closely miss Grinder.
The gnoll shouts!
You hear a shout!
Grinder gestures at you. Pain shoots through your body!
The kobold barely misses you.
You barely miss Grinder. Grinder hits you.
You writhe in agony.
The kobold hits you but does no damage.
You hit Grinder but do no damage. The kobold hits you but does no damage.
Grinder hits you but does no damage.
You hit Grinder.
Grinder is lightly wounded.
The kobold hits you but does no damage. Grinder hits you but does no damage.
The kobold hits you but does no damage. Grinder gestures at you.
You barely resist. You sock Grinder!
Grinder is moderately wounded.
The kobold hits you but does no damage. Grinder hits you.
You sock Grinder!
Grinder is severely wounded.
The gnoll hits you with a +0 whip. Grinder hits you!
* * * LOW HITPOINT WARNING * * *
You writhe in agony.
You die...
Grinder says, "Hey, I wasn't done torturing you yet!"

#. .g.
....
#####....
#5gg.....
#@Kg.....
#........
#<.......
#........
#........
###....#.
....#
....#
....#


You could see Grinder, 3 gnolls and a kobold.

Vanquished Creatures
  3 adders (D:2)
  2 dart slugs (D:2)
  A ribbon worm (D:2)
  A bat (D:2)
  A giant cockroach (D:1)
  4 hobgoblins
  2 jackals (D:1)
  3 kobolds
  A quokka (D:2)
  5 ball pythons
  5 frilled lizards
  3 goblins
  3 rats (D:1)
34 creatures vanquished.

Notes
Turn   | Place    | Note
-------+----------+-------------------------------------------
     0 | D:1      | AdnanSaban the Gargoyle Fighter began the quest for the
                  | Orb.
     0 | D:1      | Reached XP level 1. HP: 14/14 MP: 1/1
   108 | D:1      | Reached XP level 2. HP: 19/19 MP: 2/2
   174 | D:1      | Found a faded altar of an unknown god.
   829 | D:2      | Reached XP level 3. HP: 23/23 MP: 3/3
  1155 | D:2      | Reached skill level 4 in Shields
  1171 | D:2      | Reached XP level 4. HP: 26/28 MP: 4/4
  1410 | D:3      | Noticed Grinder
  1418 | D:3      | Slain by Grinder

Illustrated notes

Levels and vault maps discovered:
D:1:      minmay_arrival_four_loops, layout_loops_ring,
          nicolae_ecumenical_lake_church, st_stairs_14
D:2:      layout_rooms, kennysheep_boxes
D:3:      layout_basic, serial_shops, shop, bh_walls_and_bars, uniq_sigmund,
          uniq_grinder, uniq_ijyb, uniq_jessica

Skill      XL: |  1  2  3 |
---------------+----------+-----
Shields        | 4 |  4.0
Maces & Flails | 3 |  3.0
Fighting       | |  3.6
Armour         | |  3.8

Action                     |  1- 3 |  4- 6 || total
---------------------------+-------+-------++-------
  Melee: Flail             |   122 |     9 ||   131
 Armour: Scale mail        |    24 |       ||    24
         Plate armour      |   109 |    13 ||   122
  Dodge: Dodged            |    48 |     2 ||    50
  Block: Buckler           |    37 |     1 ||    38
